 Dungeon Crawl Stone Soup version 0.30.0-5-g1a98f26d00 (webtiles) character file.

Game seed: 10443205967551160955

39 dialectric the Poker (level 3, -1/29 (31) HPs)
             Began as a Minotaur Wanderer on May 9, 2023.
             Slain by Terence
             ... wielding the +7 Throatcutter {drain, coup de grace}
              (12 damage)
             ... on level 2 of the Dungeon.
             The game lasted 00:01:12 (1149 turns).

dialectric the Poker (Minotaur Wanderer)            Turns: 1149, Time: 00:01:13

HP:   -1/29 (31)    AC:  4    Str: 17    XL:     3   Next: 26%
MP:   4/4           EV: 10    Int:  8    God:
Gold: 106           SH:  3    Dex: 11    Spells: 3/4 levels left

rFire   . . .        a - +2 spear
rCold   . . .        b - +0 buckler
rNeg    . . .        d - +0 leather armour
rPois   .            (helmet restricted)
rElec   .            (no cloak)
rCorr   .            (no gloves)
SInv    .            q - +0 pair of boots
Will    .....        (no amulet)
Stlth   +            (no ring)
HPRegen 0.24/turn    (no ring)
MPRegen 0.09/turn

%: no passive effects
@: drained
A: horns 2, retaliatory headbutt
a: no special abilities


You were on level 2 of the Dungeon.
You visited 1 branch of the dungeon, and saw 2 of its levels.

You collected 106 gold pieces.

Inventory:

Hand Weapons
 a - a +2 spear (weapon)
Armour
 b - a +0 buckler (worn)
 d - a +0 leather armour (worn)
 q - a +0 pair of boots (worn)
Jewellery
 h - a +6 ring of intelligence
Scrolls
 c - a scroll of teleportation
 e - a scroll of noise {unknown}
 g - a scroll of summoning {unknown}
 i - 4 scrolls of identify {unknown}
 n - 2 scrolls of amnesia {unknown}
 o - a scroll of enchant armour {unknown}
Potions
 f - 2 potions of might {unknown}
 j - 2 potions of haste {unknown}
 k - 2 potions of resistance {unknown}
 l - 2 potions of attraction {unknown}
 m - 2 potions of brilliance {unknown}
 p - 3 potions of curing {unknown}
 r - a potion of lignification {unknown}


   Skills:
 * Level 3.1 Fighting
 - Level 6.1 Polearms
 + Level 1.5 Armour
 + Level 0.5 Dodging
 + Level 1.2 Shields
 - Level 1.3 Spellcasting
 + Level 0.1 Summonings
 - Level 1.0 Poison Magic


You had 3 spell levels left.
You knew the following spells:

 Your Spells              Type           Power      Damage    Failure   Level
a - Sting                 Tmut/Pois      4%         1d3       43%         1

Your spell library contained the following spells:

 Spells                   Type           Power      Damage    Failure   Level
 Spider Form              Tmut/Pois      1%         N/A       82%         3
 Summon Ice Beast         Ice/Summ       0%         N/A       99%         4
 Summon Mana Viper        Hex/Summ       0%         N/A       100%        5
 Monstrous Menagerie      Summ           0%         N/A       100%        7


Dungeon Overview and Level Annotations

Branches:
Dungeon (2/15)

Altars:

Annotations:
D:2 Terence


Innate Abilities, Weirdness & Mutations

You have a pair of horns on your head.
You reflexively headbutt those who attack you in melee.


Message History

No target in view!
There is an escape hatch in the ceiling here.
A ball python comes into view.
The ball python hisses angrily.
A ball python is nearby!
You reach to attack!
You barely miss the ball python. You hit the ball python.
You kill the ball python!
No target in view!
No target in view!
Found a stone staircase leading down.
No target in view!
p - 3 grey potions (gained 1)
Found a faded altar of an unknown god.
Found an escape hatch in the floor.
There is a faded altar of an unknown god here.
r - a lumpy brown potion No target in view! 2 jackals come into view.
The jackal barks! x2
Terence the Incautious comes into view.
He is wielding the +7 Throatcutter {drain, coup de grace}.
Terence shouts!
You reach to attack!
You closely miss Terence.
You reach to attack!
You hit Terence.
Terence is lightly wounded.
You hit Terence.
Terence is moderately wounded.
Terence hits you with the +7 Throatcutter {drain, coup de grace}!
You feel drained.
You are too injured to fight recklessly!
You are too injured to fight recklessly!
You are too injured to fight recklessly!
You are too injured to fight recklessly!
Unknown command.
The jackal barely misses you. You furiously retaliate!
You headbutt the jackal.
You kill the jackal!
An endoplasm comes into view.
Unknown command.
Terence attacks as you move away!
Terence hits you with the +7 Throatcutter {drain, coup de grace}!
You die...

#.# .# ... .. #.#
.# ##.# .# ... ..#
.# .... #.# .#
....###.####.#
#.........@h.#
###...#.###@..J...#
### ##..#.#
#........ ...
##...#.# #.......#
# ##....#.#
........# # #
##...#...#
#.......# #
#.####...######
#.......# #
#.......##
#........ ..####
#....._># #.....


You could see Terence, an endoplasm (wandering) and a jackal.

Vanquished Creatures
  A dart slug (D:2)
  3 endoplasms
  A giant cockroach (D:2)
  2 goblins (D:1)
  4 hobgoblins
  4 jackals (D:2)
  A quokka (D:1)
  3 ball pythons (D:2)
  5 bats
  A frilled lizard (D:1)
  4 kobolds
  2 rats
31 creatures vanquished.

Notes
Turn   | Place    | Note
-------+----------+-------------------------------------------
     0 | D:1      | dialectric the Minotaur Wanderer began the quest for the
                  | Orb.
     0 | D:1      | dialectric set off with the following items: a +2 spear, a
                  | +0 buckler, a scroll of teleportation, a +0 leather armour;
                  | and the following spell memorised: Sting; and the following
                  | spells available to memorise: Spider Form.
     0 | D:1      | Reached XP level 1. HP: 14/14 MP: 1/1
   148 | D:1      | Reached skill level 1 in Fighting
   209 | D:1      | Reached XP level 2. HP: 24/24 MP: 3/3
   771 | D:2      | Reached XP level 3. HP: 30/30 MP: 4/4
  1113 | D:2      | Found a faded altar of an unknown god.
  1143 | D:2      | Noticed Terence
  1149 | D:2      | Slain by Terence

Illustrated notes

Levels and vault maps discovered:
D:1:      dpeg_arrival_shelter, layout_loops_ring
D:2:      layout_loops_ring, hellmonk_ecumenical_altar_crossroads,
          kennysheep_nondescript, uniq_terence

Skill      XL: |  1  2  3 |
---------------+----------+-----
Fighting       | 1 2 3 |  3.1
Polearms       | |  6.1
Armour         | |  1.5
Dodging        | |  0.5
Shields        | |  1.2
Spellcasting   | |  1.3
Summonings     | |  0.1
Poison Magic   | |  1.0

Action                     || total
---------------------------++-------
  Melee: Spear             ||    64
         Headbutt          ||     6
   Stab: Sleeping          ||     2
 Armour: Leather armour    ||     7
  Dodge: Dodged            ||    14
  Block: Buckler           ||     3
